cohdb
Replays
Latest Replays
All Replays
Popular Replays
Top Player Replays
Match Explorer
How It Works
Community
CoH3 Stats
Reddit
Sign in to upload your games and track your stats! →
Sign in with Steam
Match 22748819
Unlisted
Match 22748819
Overview
Messages
Build Orders
End
Kettenkrad Recon Vehicle
Construct Infanterie Kompanie
Selects Italian Coastal Battlegroup
Selects Coastal Reserves
GrW 34 Mortar Team
Coastal Reserve
MG 42 Machine Gun Team
Coastal Reserve
Construct Panzergrenadier Kompanie
MG 42 Machine Gun Team
Selects Support Bunkers
Selects Artillery Officer
Support Elements
Artillery Officer
StuG III G Assault Gun
Medical Bunker
Wittman
Machu Pikachu
Jonatanga
Eber
PRIVATE
CantCNC
Sandia
dcarman251
0
0
Comments
sign in to comment!
No comments posted yet!